cohdb
Replays
Latest Replays
All Replays
Popular Replays
Top Player Replays
Match Explorer
How It Works
Community
CoH3 Stats
Reddit
Sign in to upload your games and track your stats! →
Sign in with Steam
Match 41529803
Unlisted
Match 41529803
Overview
Messages
Build Orders
End
Panzergrenadier Squad
Panzergrenadier Squad
250 Light Carrier
Construct Light Support Kompanie
MG34 Team
Panzerjäger Squad
Assault Mechanized Group
Combat Half-tracks
Fire Support Elements
Vehicle Survival Package
Flakvierling Half-track
Selects Panzerjäger Kommand Battlegroup
Selects Tank Busters
Selects Mine Fields
Selects Defensive Positions
Panzerjäger Squad
Construct Panzerarmee Kommand
カルト_くん
Fatal Thoughts
andcrew
PanzerANUs
0
0
Comments
sign in to comment!
No comments posted yet!